 Dungeon Crawl Stone Soup version 0.31-a0-1529-g7bd419a0e5 (webtiles) character file.

Game seed: 16365457783310448578

3805 Amplified the Blocker (level 9, -5/69 HPs)
             Began as a Demonspawn Monk on Dec 31, 2023.
             Was an Elder of Sif Muna.
             Killed from afar by an orc wizard (7 damage)
             ... with a magic dart
             ... on level 6 of the Dungeon.
             The game lasted 00:13:10 (6514 turns).

Amplified the Blocker (Demonspawn Monk)             Turns: 6514, Time: 00:13:11

Health: -5/69      AC:  8    Str: 14    XL:     9   Next: 96%
Magic:  13/13      EV: 12    Int: 13    God:    Sif Muna [****..]
Gold:   117        SH:  7    Dex: 15    Spells: 5/8 levels left

rFire   . . .        l - +1 whip (elec)
rCold   + . .        n - +0 buckler
rNeg    . . .        g - +0 ring mail
rPois   +            (helmet restricted)
rElec   .            (no cloak)
rCorr   .            b - +0 pair of gloves
SInv    .            f - +1 pair of boots
Will    .....        u - amulet of faith
Stlth   +            j - ring of protection from cold
HPRegen 0.31/turn    p - ring of poison resistance
MPRegen 0.13/turn

%: faith
@: no status effects
A: antennae 1, ignite blood 2, sturdy frame 2, demonic magic 2
a: Renounce Religion, Channel Magic, Forget Spell, Divine Exegesis


You were on level 6 of the Dungeon.
You worshipped Sif Muna.
Sif Muna was greatly pleased with you.
You visited 2 branches of the dungeon, and saw 8 of its levels.
You also visited: Ossuary.

You collected 573 gold pieces.
You spent 456 gold pieces at shops.

Inventory:

Hand Weapons
 a - a +0 hand axe
 l - a +1 whip of electrocution (weapon)
Missiles
 e - 17 poisoned darts
Armour
 b - a +0 pair of gloves (worn)
 d - an orb of light
 f - a +1 pair of boots (worn)
 g - a +0 ring mail (worn)
 i - a +1 helmet
 n - a +0 buckler (worn)
Jewellery
 j - a ring of protection from cold (left hand)
 p - a ring of poison resistance (right hand)
 r - a +6 ring of dexterity
 u - an amulet of faith (around neck)
 w - a ring of protection from fire
 y - an amulet of regeneration
Wands
 A - a wand of flame (6)
Scrolls
 h - a scroll of identify
 k - 2 scrolls of teleportation
 m - 3 scrolls of brand weapon
 v - a scroll of vulnerability
Potions
 c - 2 potions of ambrosia
 o - a potion of magic {unknown}
 q - 2 potions of attraction
 s - a potion of might
 x - a potion of resistance
 z - 2 potions of haste


   Skills:
 * Level 6.1 Fighting
 - Level 3.0(4.2) Axes
 * Level 4.5(5.0) Maces & Flails
 - Level 1.4 Armour
 - Level 2.6 Dodging
 * Level 11.6 Shields
 * Level 4.5 Hexes
 * Level 6.0 Invocations


You had 5 spell levels left.
You knew the following spells:

 Your Spells              Type           Power      Damage    Failure   Level
a - Tukima's Dance        Hex            11%        N/A       21%         3

Your spell library contained the following spells:

 Spells                   Type           Power      Damage    Failure   Level
 Sublimation of Blood     Necr           0%         N/A       54%         2
 Ignite Poison            Fire/Alch      0%         N/A       99%         4
 Passage of Golubria      Tloc           0%         N/A       99%         4
 Petrify                  Alch/Erth      0%         N/A       99%         4
 Sticky Flame             Fire/Alch      0%         2d4       99%         4
 Yara's Violent Unravell  Hex/Alch       2%         3d3       99%         5
 Irradiate                Conj/Alch      0%         3d11      100%        5
 Ignition                 Fire           0%         3d3       100%        8


Dungeon Overview and Level Annotations

Branches:
Dungeon (7/15)             Temple (1/1) D:4         Ossuary (visited)

Altars:
Ashenzari
Cheibriados
Dithmenos
Fedhas
Gozag
Hepliaklqana
Makhleb
Okawaru
Qazlal
Ru
Sif Muna
Trog
Uskayaw
Vehumet
Xom
Yredelemnul

Shops:
D:1 *   D:7 (:

Annotations:
D:5 1 runed translucent door, 2 transporters, Frosty's ghost, novice DsNe


Innate Abilities, Weirdness & Mutations

You have a pair of small antennae on your head.
Your demonic aura often causes spilled blood to erupt in flames.
Your movements are less encumbered by armour. (ER -4)
Spells you cast may paralyse nearby enemies.


Message History

a +0 war axe; an orc corpse
There is an open door, spattered with blood here.
Items here: ( ))) [[ †.
Things that are here:
a +0 war axe; an orc corpse
Okay, then.
Okay, then.
Okay, then.
Okay, then.
There is an open door, spattered with blood here.
Items here: ( ))) [[ †.
There is an open door, spattered with blood here.
You see here a black bear corpse.
The gargoyle hurls a stone arrow at you.
The stone arrow hits you!
The orc wizard shouts!
The orc wizard casts a spell at you. The puff of flame hits you.
The orc wizard points at you and mumbles some strange words.
The magic dart hits you.
The orc wizard points at you and mumbles some strange words.
You easily resist.
There is a stone staircase leading up here.
The orc wizard hits you with a +4 dagger of electrocution.
You are electrocuted!
* * * LOW HITPOINT WARNING * * *
You climb upwards.
There is a stone staircase leading down here.
Unknown command.
You hit the orc wizard.
The orc wizard is lightly wounded.
The orc wizard hits you with a +4 dagger of electrocution.
* * * LOW HITPOINT WARNING * * *
You are electrocuted!
* * * LOW HITPOINT WARNING * * *
You hit the orc wizard.
The orc wizard is heavily wounded.
The orc wizard gestures at you while chanting.
The magic dart hits you!
You die...

### ################## ##### ..#
#..........@.....#######.... ..#
#...........o....#.....#.... ..#
#................#.....#.... ..#
#................#.....#.... ..#
#######..........#.....###'#
..##### #..........#.........#
......# #..........'.........#
......# #........).###########
......######.....................


You could see an orc wizard.

Vanquished Creatures
  A hornet (D:6)
  An orc warrior (D:7)
  2 sky beasts
  An ice beast (D:5)
  A black bear (D:7)
  An ogre (D:5)
  3 centaurs
  A kobold brigand (D:7)
  2 bullfrogs (D:7)
  A gnoll sergeant (D:5)
  2 scorpions
  A killer bee (D:7)
  3 jellies
  2 bombardier beetles (D:5)
  A gnoll bouda (D:6)
  A hound (D:5)
  2 orc priests
  3 sleepcaps
  8 orc wizards
  An iguana (D:5)
  8 mummies (Ossuary)
  Robin (D:2)
  7 gnolls
  3 adders
  2 shadow imps
  A white imp (D:6)
  8 ufetubi
  A dart slug (D:1)
  2 ribbon worms (D:3)
  23 orcs
  5 ball pythons
  5 endoplasms
  3 giant cockroaches
  2 gnoll zombies (Ossuary)
  8 goblins
  8 hobgoblins
  2 jackals (D:3)
  4 quokkas
  6 bats
  A goblin skeleton (D:5)
  3 hobgoblin zombies (Ossuary)
  A jackal zombie (D:5)
  6 kobolds
  A kobold zombie (Ossuary)
  2 orc zombies (Ossuary)
  6 rats
157 creatures vanquished.

Vanquished Creatures (others)
  2 goblins (D:2)
2 creatures vanquished.

Grand Total: 159 creatures vanquished

Notes
Turn   | Place    | Note
-------+----------+-------------------------------------------
     0 | D:1      | Amplified the Demonspawn Monk began the quest for the Orb.
     0 | D:1      | Reached XP level 1. HP: 18/18 MP: 1/1
   550 | D:1      | Found Bimeulu's General Store.
   646 | D:1      | Gained mutation: Spells you cast may paralyse adjacent
                  | enemies. [demonic ancestry]
   646 | D:1      | Reached XP level 2. HP: 24/24 MP: 2/2
  1128 | D:2      | Reached skill level 1 in Armour
  1188 | D:2      | Noticed Robin
  1214 | D:2      | Gained mutation: Your demonic aura sometimes causes spilled
                  | blood to erupt in flames. [demonic ancestry]
  1214 | D:2      | Reached XP level 3. HP: 21/29 MP: 3/3
  1215 | D:2      | Killed Robin
  1541 | D:3      | Reached skill level 1 in Maces & Flails
  1558 | D:3      | Noticed a +0 hand axe
  1559 | D:3      | Found a hide-covered altar of Uskayaw.
  1560 | D:3      | Noticed a +0 hand axe
  1631 | D:3      | Reached XP level 4. HP: 37/37 MP: 4/4
  2064 | D:4      | Reached skill level 1 in Shields
  2101 | D:4      | Found a staircase to the Ecumenical Temple.
  2126 | Temple   | Entered the Ecumenical Temple
  2166 | Temple   | Became a worshipper of Sif Muna the Loreminder
  2166 | Temple   | Reached * piety under Sif Muna
  2166 | Temple   | Reached ** piety under Sif Muna
  2233 | D:4      | Learned a level 3 spell: Tukima's Dance
  2272 | D:4      | Noticed a scorpion
  2281 | D:4      | Killed a scorpion
  2282 | D:4      | Reached skill level 1 in Hexes
  2282 | D:4      | Reached skill level 1 in Invocations
  2282 | D:4      | Gained mutation: You have a pair of small antennae on your
                  | head. [demonic ancestry]
  2282 | D:4      | Reached XP level 5. HP: 34/42 MP: 4/6
  2287 | D:4      | Found a sand-covered staircase.
  2316 | Ossuary  | Entered an ossuary
  2539 | Ossuary  | Gained mutation: Your movements are slightly less
                  | encumbered by armour. (ER -2) [demonic ancestry]
  2539 | Ossuary  | Reached XP level 6. HP: 26/49 MP: 7/7
  2774 | D:4      | Noticed a sky beast
  2817 | D:4      | Killed a sky beast
  2818 | D:4      | Reached skill level 2 in Shields
  2973 | D:4      | Found a hazy altar of Hepliaklqana.
  3170 | D:5      | Entered Level 5 of the Dungeon
  3495 | D:5      | Found a shadowy altar of Dithmenos.
  3504 | D:5      | Gained mutation: Spells you cast may paralyse nearby
                  | enemies. [demonic ancestry]
  3504 | D:5      | Reached XP level 7. HP: 54/55 MP: 9/9
  3631 | D:5      | Found a runed translucent door.
  3631 | D:5      | Noticed a human
  3638 | D:5      | Found an opulent altar of Gozag.
  3692 | D:5      | Reached *** piety under Sif Muna
  3723 | D:5      | Found a transporter.
  3723 | D:5      | Noticed Frosty's ghost (novice DsNe)
  3727 | D:5      | Noticed a shadow
  3871 | D:5      | Reached skill level 5 in Fighting
  3955 | D:5      | Found a transporter.
  3993 | D:5      | Reached skill level 3 in Shields
  4562 | D:5      | Found a basalt altar of Yredelemnul.
  4651 | D:6      | Gained mutation: Your movements are less encumbered by
                  | armour. (ER -4) [demonic ancestry]
  4651 | D:6      | Reached XP level 8. HP: 37/63 MP: 11/11
  4766 | D:6      | Found a shimmering altar of Xom.
  5439 | D:6      | Reached skill level 5 in Invocations
  5764 | D:7      | Reached skill level 11 in Shields
  5764 | D:7      | Gained mutation: Your demonic aura often causes spilled
                  | blood to erupt in flames. [demonic ancestry]
  5764 | D:7      | Reached XP level 9. HP: 69/69 MP: 13/13
  5820 | D:7      | Found Okaraw's Weapon Shop.
  5840 | D:7      | Reached **** piety under Sif Muna
  5879 | D:7      | Found Vuecofih's Book Boutique.
  5893 | D:7      | Paralysed by a hornet for 3 turns
  6128 | D:7      | Bought an Everburning Encyclopedia for 456 gold pieces
  6141 | D:6      | Paralysed by a hornet for 1 turns
  6422 | D:7      | Noticed a gargoyle
  6435 | D:7      | Noticed a kobold demonologist
  6513 | D:6      | HP: 1/69 [orc wizard/+4 dagger of electrocution (13)]
  6514 | D:6      | Killed from afar by an orc wizard

Illustrated notes

Levels and vault maps discovered:
D:1:      scummos_arrival_star, layout_loops_corners, serial_shops,
          nicolae_shop_hallway_plus
D:2:      layout_basic, uniq_robin
D:3:      layout_rooms, dancing_weapons_uskayaw
D:4:      layout_basic, lemuel_doored_altar, minmay_temple_entry_mist,
          nicolae_ossuary_entry_monument
D:5:      layout_gridville, nicolae_gozag_cash_rules_everything_around_me,
          grunt_dithmenos_smoke_and_mirrors, dk_yredelemnul_ordeal,
          kennysheep_little_box, gammafunk_ghost_arena
D:6:      layout_gridville, dk_xom_monty_hall
D:7:      minmay_clustersquares, layout_basic, kennysheep_mini_moat,
          serial_shops, nicolae_shop_competitors_out_of_business,
          nicolae_stop_n_shop_2, nicolae_shop_rolled_up,
          minmay_a_box_with_orc_wizards_in_it
Temple:   hc_temple_tempest_star

Skill      XL: |  1  2  3  4  5  6  7  8  9 |
---------------+----------------------------+-----
Axes           | 3 |  3.0
Armour         | 1 |  1.4
Maces & Flails | 1 2 3 4 |  4.5
Shields        | 1 2 3 11 | 11.6
Fighting       | 4 5 6 |  6.1
Hexes          | 1 2 3 4 |  4.5
Invocations    | 1 2 3 4 5 6 |  6.0
Dodging        | |  2.6

Action                     |  1- 3 |  4- 6 |  7- 9 || total
---------------------------+-------+-------+-------++-------
  Melee: Hand axe          |    51 |       |       ||    51
         Whip              |    59 |   218 |   312 ||   589
         Punch             |     1 |       |       ||     1
  Evoke: Wand              |       |       |     8 ||     8
    Use: Scroll            |     5 |     9 |     6 ||    20
         Potion            |     1 |     3 |     8 ||    12
   Stab: Invisible         |     2 |       |     2 ||     4
         Sleeping          |       |       |     2 ||     2
 Armour: Ring mail         |    53 |    96 |   224 ||   373
         Skin              |       |    17 |     5 ||    22
  Dodge: Dodged            |    72 |   102 |   195 ||   369
  Block: Buckler           |     4 |    47 |    87 ||   138

Table legend: (Time is in decaauts)
 A = Elapsed time spent in this place.
 B = Non-inter-level travel time spent in this place.
 C = Inter-level travel time spent in this place.
 D = Time resting spent in this place.
 E = Time spent auto-exploring this place.
 F = Levels seen in this place.
 G = Mean time per level.
                   A        B        C        D        E       F      G
               +--------+--------+--------+--------+--------+-----+--------+
         Total |   6502 |   6299 |    203 |    988 |   3620 |   9 |  722.4 |
       Dungeon |   5983 |   5807 |    176 |    849 |   3481 |   7 |  854.7 |
        Temple |     67 |     40 |     27 |      0 |      0 |   1 |   67.0 |
       Ossuary |    451 |    451 |      0 |    139 |    139 |   1 |  451.0 |
               +--------+--------+--------+--------+--------+-----+--------+

Top non-repeatable levels by time:
     D:6: 1395 daAuts
     D:5: 1017 daAuts
     D:1: 921 daAuts
     D:4: 863 daAuts
     D:7: 670 daAuts
     D:2: 608 daAuts
     D:3: 506 daAuts
 Ossuary: 451 daAuts
  Temple: 67 daAuts
